 Dungeon Crawl Stone Soup version 0.21.1-1-g345015fe64 (webtiles) character file.

60 RaHiT the Sneak (level 3, -1/27 HPs)
             Began as a Vampire Assassin on Apr 11, 2018.
             Engulfed by a cloud of flame (14 damage)
             ... on level 2 of the Dungeon.
             The game lasted 00:09:16 (1850 turns).

RaHiT the Sneak (Vampire Assassin)                  Turns: 1850, Time: 00:09:16

Health: -1/27      AC:  3    Str: 10    XL:     3   Next: 82%
Magic:  3/3        EV: 13    Int: 13    God:
Gold:   128        SH:  0    Dex: 16    Spells: 2/2 levels left

rFire    . . .     SeeInvis +   a - +1 dagger (elec)
rCold    . . .     Gourm    .   (no shield)
rNeg     + . .     Faith    .   c - +0 robe
rPois    .         Spirit   .   (no helmet)
rElec    .         Reflect  .   d - +0 cloak
rCorr    .         Harm     .   (no gloves)
MR       .....                  (no boots)
Stlth    ++++......             (no amulet)
HPRegen  0.09/turn              (no ring)
MPRegen  0.08/turn              (no ring)

@: no status effects
A: fangs 3, see invisible, unbreathing
a: Bat Form


You were on level 2 of the Dungeon.
You were not thirsty.

You visited 1 branch of the dungeon, and saw 2 of its levels.

You collected 128 gold pieces.

Inventory:

Hand Weapons
 a - a +1 dagger of electrocution (weapon)
 b - a +0 blowgun
 p - a +2 dagger
Missiles
 e - 15 poisoned needles
 f - 2 curare-tipped needles
Armour
 c - a +0 robe (worn)
 d - a +0 cloak (worn)
Jewellery
 r - a +2 ring of slaying {unknown}
Scrolls
 i - a scroll of random uselessness {unknown}
 j - a scroll of teleportation {unknown}
 k - a scroll of fear {unknown}
 l - a scroll of identify {unknown}
 o - a scroll of remove curse {unknown}
 q - a scroll of enchant weapon {unknown}
Potions
 g - 12 potions of blood
 h - a potion of degeneration {unknown}
 m - a potion of brilliance {unknown}
 n - a potion of lignification {unknown}


   Skills:
 - Level 2.0 Fighting
 + Level 2.7 Short Blades
 + Level 2.1 Throwing
 + Level 2.0 Dodging
 * Level 6.9 Stealth


You had 2 spell levels left.
You didn't know any spells.

Dungeon Overview and Level Annotations

Branches:
Dungeon (2/15)

Altars:
Vehumet

Annotations:
D:2 Sigmund


Innate Abilities, Weirdness & Mutations

You have razor-sharp teeth.
You have supernaturally acute eyesight. (SInv)
You can survive without breathing.


Message History

You kill the worm!
Your Dodging skill increases to level 2!
e - 14 poisoned needles (gained 2)
e - 15 poisoned needles (gained 1)
Found 12 gold pieces and a ration.
Found a radiant altar of Vehumet.
Press: ? - help, v - describe, . - travel, g - get item 12 gold pieces.
The floor.
Unknown command.
Really walk into a travel-excluded area?
Okay, then.
Really walk into a travel-excluded area?
Really walk into that cloud of flame?
You are engulfed in blazing flames.
Ouch! That really hurt!
You see here 12 gold pieces.
You now have 128 gold pieces (gained 12).
You are engulfed in blazing flames.
Ouch! That really hurt!
You die...

#.##.##.# #.##.##.#
#....##.########
#.##...........#
#.#####.#####.##
#.......#####.######
#.####.............#
#.......####.####..#
###@......##... #
#..§§...######
##.._...## #.§.....#
#%......# #.......#
#########


There were no monsters in sight!

Vanquished Creatures
  An adder (D:2)
  An ooze (D:1)
  A worm (D:2)
  A dart slug (D:2)
  3 leopard geckos (D:1)
  A ball python (D:1)
  5 bats
  A giant cockroach (D:1)
  7 goblins
  7 hobgoblins
  6 kobolds
  5 rats
39 creatures vanquished.

Vanquished Creatures (others)
  A rat (D:2)
1 creature vanquished.

Grand Total: 40 creatures vanquished

Notes
Turn   | Place    | Note
-------+----------+-------------------------------------------
     0 | D:1      | RaHiT the Vampire Assassin began the quest for the Orb.
     0 | D:1      | Reached XP level 1. HP: 16/16 MP: 1/1
     3 | D:1      | Noticed a minotaur skeleton
   132 | D:1      | Reached skill level 6 in Stealth
   132 | D:1      | Reached XP level 2. HP: 22/22 MP: 2/2
   919 | D:1      | Reached XP level 3. HP: 27/27 MP: 3/3
  1105 | D:2      | Noticed Sigmund
  1822 | D:2      | Found a radiant altar of Vehumet.
  1850 | D:2      | Engulfed by a cloud of flame

Skill      XL: |  1  2  3 |
---------------+----------+-----
Stealth        | 6 |  6.9
Fighting       | 2 |  2.0
Throwing       | 2 |  2.1
Dodging        | 2 |  2.0
Short Blades   | |  2.7

Action                   || total
-------------------------++-------
Melee: Dagger            ||    80
       Bite              ||     1
 Fire: Blowgun           ||    11
  Use: Potion            ||     3
 Stab: Sleeping          ||    12
Armor: Robe              ||    15
Dodge: Dodged            ||    44
